 Dungeon Crawl Stone Soup version 0.13-a0-1536-gedae9ec (webtiles) character file.

2670 Kae the Basher (level 9, -8/77 HPs)
             Began as a Minotaur Berserker on June 9, 2013.
             Was a High Priest of Trog.
             Succumbed to a kobold's poison
             ... on Level 7 of the Dungeon.
             The game lasted 00:10:42 (6051 turns).

Kae the Basher (Minotaur Berserker)                 Turns: 6051, Time: 00:10:42

HP  -8/77        AC  7     Str 22      XL: 9   Next: 22%
MP   3/3         EV 12     Int  4      God: Trog [*****.]
Gold 276         SH  0     Dex 13      Spells:  0 memorised,  8 levels left

Res.Fire  : . . .   See Invis. : +   a - +0 mace (curse)
Res.Cold  : . . .   Warding    : .   j - +0 orc ring mail
Life Prot.: . . .   Conserve   : .   (no shield)
Res.Poison: .       Res.Corr.  : .   (helmet restricted)
Res.Elec. : .       Clarity    : .   (no cloak)
Sust.Abil.: . .     Spirit.Shd : .   F - +0 pair of gauntlets
Res.Mut.  : .       Stasis     : .   (no boots)
Res.Rott. : .       Flight     : .   (no amulet)
Saprovore : . . .                    (no ring)
                                     H - ring of see invisible

@: exhausted, extremely poisoned, slowed, very slow, slightly resistant to
hostile enchantments, extremely unstealthy
A: retaliatory headbutt, horns 2
a: Burn Spellbooks, Berserk, Trog's Hand, Brothers in Arms, Renounce Religion


You were on level 7 of the Dungeon.
You worshipped Trog.
Trog was extremely pleased with you.
You were near starving.

You visited 1 branch of the dungeon, and saw 7 of its levels.

You collected 406 gold pieces.
You spent 150 gold pieces at shops.

Inventory:

Hand weapons
 a - a cursed +0,+0 mace (weapon)
 l - a +1,+2 orcish hammer of protection
Missiles
 E - an arrow
Armour
 b - a +0 animal skin
 j - a +0 orcish ring mail (worn)
 F - a +0 pair of gauntlets (worn)
Magical devices
 z - a wand of slowing (4) {unknown}
 N - a wand of fire (10) {unknown}
Comestibles
 c - 4 bread rations
 d - an apple
 g - 15 sultanas
 r - 2 meat rations
 x - 2 chunks of orc flesh
 C - a slice of pizza
Scrolls
 f - a scroll of remove curse {unknown}
 h - a scroll of amnesia {unknown}
 i - a scroll of magic mapping {unknown}
 m - 9 scrolls of identify {unknown}
 n - a scroll of fear {unknown}
 p - 3 scrolls of enchant weapon I {unknown}
 q - 3 scrolls of blinking {unknown}
 s - a scroll of noise {unknown}
 t - 4 scrolls of recharging {unknown}
 w - 2 scrolls of fog {unknown}
 y - 3 scrolls of teleportation {unknown}
Jewellery
 H - a ring of see invisible (left hand)
 I - a cursed ring of hunger {unknown}
 M - an uncursed ring of poison resistance {unknown}
Potions
 e - 2 potions of might {unknown}
 k - 3 potions of heal wounds {unknown}
 o - a potion of brilliance {unknown}
 u - 3 potions of paralysis {unknown}
 v - 2 potions of agility {unknown}
 A - a potion of speed {unknown}
 B - a potion of flight {unknown}
 D - a potion of invisibility {unknown}
 G - a potion of curing
 J - a potion of porridge {unknown}
 L - a potion of poison {unknown}


   Skills:
 + Level 7.5 Fighting
 * Level 9.6 Maces & Flails
 + Level 6.4 Armour
 + Level 5.8 Dodging


You had 8 spell levels left.
You didn't know any spells.

Dungeon Overview and Level Annotations

Branches:
Dungeon (7/27)                Orc (0/4) D:7
 Temple: D:4-7

Altars:
Ashenzari
Zin

Shops:
D:6: //(=


Innate Abilities, Weirdness & Mutations

You reflexively headbutt those who attack you in melee.
You have a pair of horns on your head.


Message History

You start resting.
* * * LOW HITPOINT WARNING * * *
You feel sick.
Your skin stops crawling.
You feel less resistant to hostile enchantments.
* * * LOW HITPOINT WARNING * * *
You feel sick.
You start resting.
* * * LOW HITPOINT WARNING * * *
You feel very sick.
* * * LOW HITPOINT WARNING * * *
You feel very sick.
* * * LOW HITPOINT WARNING * * *
You feel sick.
* * * LOW HITPOINT WARNING * * *
You feel very sick.
* * * LOW HITPOINT WARNING * * *
You feel very sick.
You start resting.
You die...

### ### #.# #@#
#.#####.########
#.#.............
####.#.#...#######.
#....#........(..# #
#.##........###(##.#
#####...............().#
#.........#####.###(#).#
#####.####.#####.#
#.#..#


There were no monsters in sight!

Vanquished Creatures
  Pikel (D:5)
  2 hippogriffs (D:7)
  The ghost of Kae the Sneak, an average SpEn (D:3)
  Menkaure (D:4)
  A sky beast (D:7)
  An orc warrior (D:7)
  A phantom (D:7)
  An ice beast (D:5)
  2 slaves (D:5)
  An ogre (D:5)
  2 centaurs
  3 wights (D:6)
  A big kobold zombie (D:5)
  3 crimson imps
  2 hounds
  3 orc priests
  A worker ant (D:5)
  An iguana (D:5)
  A hound skeleton (D:5)
  2 orc wizards
  3 adders
  An adder zombie (D:7)
  3 gnolls (D:4)
  An inept feature mimic (D:5)
  3 worms
  A giant eyeball (D:5)
  A giant gecko (D:6)
  2 oozes
  30 orcs
  2 ball pythons (D:3)
  15 bats
  6 giant cockroaches
  17 goblins
  17 hobgoblins
  13 kobolds
  2 quokkas (D:2)
  4 giant newts
  A hobgoblin skeleton (D:4)
  10 jackals
  2 kobold skeletons
  A kobold zombie (D:7)
  8 rats
174 creatures vanquished.

Vanquished Creatures (others)
  A ball python (D:3)
1 creature vanquished.

Grand Total: 175 creatures vanquished

Notes
Turn   | Place    | Note
--------------------------------------------------------------
     0 | D:1      | Kae, the Minotaur Berserker, began the quest for the Orb.
     0 | D:1      | Reached XP level 1. HP: 19/19 MP: 0/0
    51 | D:1      | Reached skill level 4 in Maces & Flails
   215 | D:1      | Reached XP level 2. HP: 26/26 MP: 0/0
   779 | D:1      | Acquired Trog's second power
   821 | D:2      | Reached XP level 3. HP: 27/33 MP: 1/1
   849 | D:2      | Found a glowing silver altar of Zin.
  1449 | D:3      | Found a shattered altar of Ashenzari.
  1544 | D:3      | Reached XP level 4. HP: 9/40 MP: 1/1
  1658 | D:3      | Noticed Kae's ghost (average SpEn)
  1664 | D:3      | Killed Kae's ghost
  1664 | D:3      | Reached skill level 5 in Maces & Flails
  1664 | D:3      | Reached XP level 5. HP: 42/46 MP: 1/1
  1700 | D:3      | Noticed a centaur
  1704 | D:3      | HP: 2/46 [centaur (7)]
  1711 | D:3      | Killed a centaur
  1711 | D:3      | Reached skill level 5 in Fighting
  1711 | D:3      | Reached XP level 6. HP: 5/53 MP: 2/2
  2013 | D:3      | Reached skill level 6 in Maces & Flails
  2839 | D:4      | Acquired Trog's third power
  2912 | D:4      | Noticed Menkaure
  3410 | D:4      | Killed Menkaure
  3410 | D:4      | Reached XP level 7. HP: 60/60 MP: 2/2
  3612 | D:4      | Reached skill level 7 in Maces & Flails
  3836 | D:5      | Entered Level 5 of the Dungeon
  4467 | D:5      | Reached skill level 5 in Armour
  4467 | D:5      | Reached XP level 8. HP: 69/69 MP: 2/2
  4471 | D:5      | Noticed Pikel
  4478 | D:5      | Killed Pikel
  4478 | D:5      | Reached skill level 8 in Maces & Flails
  4478 | D:5      | Reached skill level 5 in Dodging
  4709 | D:5      | Paralysed by a giant eyeball for 3 turns
  5039 | D:6      | Found Staoteur's Jewellery Shoppe.
  5040 | D:6      | Found Lont's Antique Weapon Shoppe.
  5056 | D:6      | Bought an uncursed ring of see invisible for 150 gold pieces
  5116 | D:6      | Found Bloytel's Magical Wand Boutique.
  5129 | D:6      | Found Lenaokihot's Magical Wand Emporium.
  5505 | D:7      | Reached skill level 9 in Maces & Flails
  5639 | D:7      | Reached XP level 9. HP: 51/77 MP: 3/3
  5928 | D:7      | Found a staircase to the Orcish Mines.
  6051 | D:7      | Succumbed to a kobold's poison

Action                   |  1- 3 |  4- 6 |  7- 9 || total
-------------------------+-------+-------+-------++-------
Melee: Mace              |   116 |    95 |   236 ||   447
Invok: Berserk           |       |     4 |     7 ||    11
       Trog's Hand       |       |       |     3 ||     3
  Use: Potion            |       |     3 |       ||     3
